 Dungeon Crawl Stone Soup version 0.30.1-4-g462c640d31 (webtiles) character file.

Game seed: 2803070118720058276

37 shmup the Firebug (level 3, 0/19 HPs)
             Began as a Tengu Fire Elementalist on Aug 11, 2023.
             Slain by Terence
             ... wielding a +0 trident
              (6 damage)
             ... on level 3 of the Dungeon.
             The game lasted 00:03:34 (2233 turns).

shmup the Firebug (Tengu Fire Elementalist)         Turns: 2233, Time: 00:03:35

Health: 0/19       AC:  3    Str:  8    XL:     3   Next: 41%
Magic:  1/7        EV: 12    Int: 17    God:
Gold:   102        SH:  0    Dex: 14    Spells: 3/6 levels left

rFire   . . .        e - +0 short sword
rCold   . . .        (no shield)
rNeg    . . .        a - +1 robe
rPois   .            (helmet restricted)
rElec   .            (no cloak)
rCorr   .            (no gloves)
SInv    .            (boots unavailable)
Will    +....        (no amulet)
Stlth   ++           c - ring of willpower
HPRegen 0.23/turn    (no ring)
MPRegen 0.10/turn

%: no passive effects
@: no status effects
A: beak, talons 3
a: no special abilities


You were on level 3 of the Dungeon.
You visited 1 branch of the dungeon, and saw 3 of its levels.

You collected 102 gold pieces.

Inventory:

Hand Weapons
 e - a +0 short sword (weapon)
Missiles
 i - 19 stones (quivered)
Armour
 a - a +1 robe (worn)
Magical Staves
 j - a staff of conjuration
Jewellery
 c - a ring of willpower (left hand)
Scrolls
 f - 2 scrolls of magic mapping
 n - a scroll of fear
Potions
 b - a potion of magic
 d - 2 potions of curing
 h - 3 potions of heal wounds
 k - a potion of cancellation
 l - a potion of flight {unknown}
 m - a potion of invisibility
 o - 2 potions of haste


   Skills:
 - Level 2.1 Dodging
 - Level 2.0 Stealth
 - Level 2.0 Spellcasting
 + Level 2.5 Conjurations
 * Level 4.4 Fire Magic


You had 3 spell levels left.
You knew the following spells:

 Your Spells              Type           Power      Damage    Failure   Level
a - Foxfire               Conj/Fire      52%        2x1d6     4%          1
b - Scorch                Fire           32%        2d6       4%          2

Your spell library contained the following spells:

 Spells                   Type           Power      Damage    Failure   Level
 Inner Flame              Hex/Fire       9%         N/A       24%         3
 Volatile Blastmotes      Fire/Tloc      18%        2d11      24%         3
 Portal Projectile        Hex/Tloc       2%         N/A       50%         3
 Tukima's Dance           Hex            1%         N/A       50%         3
 Flame Wave               Conj/Fire      13%        2d6       41%         4
 Blade Hands              Tmut           0%         N/A       99%         5


Dungeon Overview and Level Annotations

Branches:
Dungeon (3/15) Zot: 15752

Altars:

Annotations:
D:3 Terence


Innate Abilities, Weirdness & Mutations

You have a beak for a mouth.
You have claws for feet.


Message History

Terence says, "Don't bother to defend, it's pointless."
Terence hits you but does no damage.
Terence is nearby!
Okay, then.
Casting: Foxfire (safe; 4% risk of failure)
Confirm with . or Enter, or press ? or * to list all spells.
Flames lash Terence.
Terence is lightly wounded.
Terence's fire resistance burns away.
Terence barely misses you.
Casting: Scorch (safe; 4% risk of failure)
Confirm with . or Enter, or press ? or * to list all spells.
Flames lash Terence.
Terence is burned terribly!
Terence is severely wounded.
Terence barely misses you.
Casting: Scorch (safe; 4% risk of failure)
Confirm with . or Enter, or press ? or * to list all spells.
Flames lash Terence.
Terence is burned terribly!
Terence is almost dead.
Terence looks scornfully at you. Terence closely misses you.
Casting: Scorch (safe; 4% risk of failure)
Confirm with . or Enter, or press ? or * to list all spells.
You conjure some foxfire!
Terence misses you.
The foxfire hits Terence but does no damage.
Terence is almost dead.
Terence hits you from afar with a +0 trident.
* * * LOW HITPOINT WARNING * * *
Unknown command.
Terence hits you with a +0 trident.
* * * LOW HITPOINT WARNING * * *
You hit Terence but do no damage. Your kick misses Terence.
Your peck misses Terence.
Terence is almost dead.
Terence drinks a potion.
Terence flickers and vanishes!
Deactivating autopickup; reactivate with Ctrl-A.
You closely miss something. Something hits you but does no damage.
You closely miss something. Your peck misses something. Something hits you.
* * * LOW HITPOINT WARNING * * *
You hit something. Something hits you.
You die...

..▒▒▒▒▒.▒▒▒......
.▒▒ ▒.▒ .....▒ .▒
▒.▒▒▒..▒▒.▒ .▒
▒▒▒......▒▒.▒ .▒
▒.....▒▒.▒▒.▒ ▒
▒▒
▒.....▒▒.▒▒.▒▒.▒
▒.....▒▒....#..▒
▒.....▒ ▒▒.▒▒▒▒▒
▒.....▒ ▒▒.▒Q{..▒
▒▒▒.▒▒▒▒▒.▒▒▒.▒.▒
▒......▒▒ ▒..
▒▒▒▒▒▒▒.▒ ▒.▒ ▒.▒
.▒ ... ▒ .▒▒ .▒ .


There were no monsters in sight!

Vanquished Creatures
  A worm (D:2)
  An orc (D:3)
  5 endoplasms
  3 giant cockroaches
  4 hobgoblins
  7 kobolds
  3 ball pythons (D:1)
  3 bats
  A frilled lizard (D:1)
  2 rats (D:1)
30 creatures vanquished.

Vanquished Creatures (others)
  81 foxfires
81 creatures vanquished.

Grand Total: 111 creatures vanquished

Notes
Turn   | Place    | Note
-------+----------+-------------------------------------------
     0 | D:1      | shmup the Tengu Fire Elementalist began the quest for the
                  | Orb.
     0 | D:1      | Reached XP level 1. HP: 10/10 MP: 4/4
   444 | D:1      | Reached XP level 2. HP: 15/15 MP: 4/6
   712 | D:1      | Reached skill level 4 in Fire Magic
   951 | D:1      | Reached XP level 3. HP: 19/19 MP: 4/7
  1661 | D:2      | Learned a level 2 spell: Scorch
  2223 | D:3      | Noticed Terence
  2233 | D:3      | Slain by Terence

Illustrated notes

Levels and vault maps discovered:
D:1:      lemuel_arrival_room, layout_basic, serial_rivers,
          chequers_serial_rivers_large_a, chequers_serial_rivers_micro_b,
          chequers_serial_rivers_micro_e, chequers_serial_rivers_micro_d,
          st_stairs_6, chequers_arboretum, nicolae_titane
D:2:      layout_basic
D:3:      layout_loops_cross, uniq_crazy_yiuf_cottage, uniq_sigmund,
          uniq_jessica, uniq_terence

Skill      XL: |  1  2 |
---------------+-------+-----
Conjurations   | 2 |  2.5
Fire Magic     | 4 |  4.4
Dodging        | |  2.1
Stealth        | |  2.0
Spellcasting   | |  2.0

Action                     || total
---------------------------++-------
  Melee: Short sword       ||     7
   Cast: Foxfire           ||    50
         Scorch            ||     3
    Use: Scroll            ||    13
 Armour: Robe              ||     7
  Dodge: Dodged            ||    29
